 Dungeon Crawl Stone Soup version 0.27-a0-1219-g958d993ae5 (webtiles) character file.

Game seed: 16400227568947789148

3824 pokeman the Thaumaturge (level 9, -1/48 HPs)
             Began as a Deep Elf Hedge Wizard on June 6, 2021.
             Was a Believer of Vehumet.
             Succumbed to a killer bee's poison
             ... on level 9 of the Dungeon.
             The game lasted 00:27:28 (11778 turns).

pokeman the Thaumaturge (Deep Elf Hedge Wizard)    Turns: 11778, Time: 00:27:28

Health: -1/48      AC:  5    Str:  7    XL:     9   Next: 97%
Magic:  24/36      EV: 12    Int: 29    God:    Vehumet [**....]
Gold:   326        SH:  5    Dex: 14    Spells: 19/32 levels left

rFire    . . .     SeeInvis .   c - +10 morningstar "Eos" {elec, Halo rElec}
rCold    . . .     Faith    .   (no shield)
rNeg     . . .     Spirit   .   d - +0 leather armour
rPois    .         Reflect  +   x - +2 hat
rElec    +         Harm     .   (no cloak)
rCorr    .         Rampage  .   (no gloves)
Will     .....                  (no boots)
Stlth    +.........             l - amulet of reflection
HPRegen  0.16/turn              J - ring of magical power
MPRegen  0.25/turn              H - +6 ring of intelligence

@: lethally poisoned (-1 -> -8), glowing
A: no striking features
a: Renounce Religion


You were on level 9 of the Dungeon.
You worshipped Vehumet.
Vehumet was pleased with you.
You visited 2 branches of the dungeon, and saw 10 of its levels.
You also visited: Bailey.

You collected 326 gold pieces.

Inventory:

Hand Weapons
 c - the +10 morningstar "Eos" (weapon) {elec, Halo rElec}
   (You acquired it on level 7 of the Dungeon)

   Occasionally, upon striking a foe, it can discharge electrical energy and
   cause terrible harm.
   It insulates you from electricity.
 t - a +2 hand axe
 D - a +0 shortbow
 F - the +3 trident "Tormentor" {antimagic, rF+}
   (You found it in a bailey)

   It reduces the magical energy of the wielder, and disrupts the spells and
   magical abilities of those hit.
   Natural abilities and divine invocations are not affected.
   It protects you from fire.
Missiles
 m - 103 arrows
 y - 45 bolts
Armour
 b - a +0 buckler
 d - a +0 leather armour (worn)
 x - a +2 hat (worn)
Jewellery
 i - a ring of protection from cold
 j - an amulet of faith
 l - an amulet of reflection (around neck)
 G - a ring of fire
 H - a +6 ring of intelligence (right hand)
 J - a ring of magical power (left hand)
Wands
 a - a wand of flame (42)
 n - a wand of acid (20)
 I - a wand of charming (9)
Scrolls
 f - a scroll of identify
 h - 4 scrolls of enchant armour
 k - 2 scrolls of blinking
 p - a scroll of summoning
 u - 2 scrolls of noise
 B - 2 scrolls of teleportation
 C - 2 scrolls of acquirement
 K - a scroll of immolation {unknown}
Potions
 e - 4 potions of attraction {unknown}
 g - a potion of resistance {unknown}
 o - 4 potions of mutation {unknown}
 q - 7 potions of curing {unknown}
 r - a potion of lignification {unknown}
 s - 2 potions of might {unknown}
 v - 2 potions of invisibility {unknown}
 w - 3 potions of flight {unknown}
 z - 3 potions of degeneration {unknown}
 A - a potion of heal wounds {unknown}
 E - a potion of cancellation {unknown}


   Skills:
 - Level 2.0 Fighting
 - Level 2.0 Armour
 - Level 3.0 Dodging
 - Level 3.0 Stealth
 + Level 3.7 Shields
 * Level 12.2 Spellcasting
 + Level 7.0 Conjurations
 - Level 1.1 Summonings
 - Level 1.1 Translocations
 + Level 5.7 Fire Magic
 - Level 2.0 Air Magic
 - Level 1.0 Poison Magic
 - Level 1.1 Evocations


You had 19 spell levels left.
You knew the following spells:

 Your Spells              Type           Power      Damage    Failure   Level
a - Magic Dart            Conj           100%       1d8       1%          1
b - Mephitic Cloud        Conj/Pois/Air  37%        N/A       3%          3
c - Call Imp              Summ           24%        N/A       4%          2
d - Blink                 Tloc           N/A        N/A       4%          2
e - Conjure Flame         Conj/Fire      53%        6-21      1%          3
f - Foxfire               Conj/Fire      100%       2x1d9     1%          1
g - Shock                 Conj/Air       100%       1d9       1%          1

Your spell library contained the following spells:

 Spells                   Type           Power      Damage    Failure   Level
 Searing Ray              Conj           100%       3d7       1%          2
 Summon Small Mammal      Summ           96%        N/A       2%          1
 Dazzling Flash           Conj/Hex       76%        N/A       3%          3
 Slow                     Hex            17%        N/A       7%          2
 Call Canine Familiar     Summ           24%        N/A       9%          3
 Iskenderun's Mystic Bla  Conj/Tloc      41%        2d9       9%          4
 Fulminant Prism          Conj/Hex       19%        3d11      10%         4
 Summon Guardian Golem    Hex/Summ       20%        N/A       11%         3
 Summon Lightning Spire   Summ/Air       26%        N/A       22%         4
 Summon Ice Beast         Ice/Summ       20%        N/A       34%         4


Dungeon Overview and Level Annotations

Branches:
Dungeon (8/15)             Temple (1/1) D:7          Bailey (visited)
   Lair: D:8-11

Altars:
Cheibriados
Dithmenos
Elyvilon
Fedhas
Gozag
Makhleb
Nemelex Xobeh
Okawaru
Qazlal
Ru
Sif Muna
Trog
Uskayaw
Vehumet
Wu Jian
Yredelemnul
Zin
The Shining One


Message History

Unknown command.
Unknown command.
Unknown command.
Unknown command.
Unknown command.
You feel sick.
The killer bee is engulfed in noxious fumes.
The killer bee appears confused.
The killer bee stings you.
* * * LOW HITPOINT WARNING * * *
The killer bee completely misses the killer bee.
Unknown command.
Casting: Shock (safe; 1% risk of failure)
Confirm with . or Enter, or press ? or * to list all spells.
You blink.
You feel sick. The killer bee barely misses you.
The killer bee barely misses the killer bee.
The killer bee stings you.
* * * LOW HITPOINT WARNING * * *
You are lethally poisoned!
The killer bee poisons you! The killer bee stings you.
* * * LOW HITPOINT WARNING * * *
You block the killer bee zombie's attack.
Casting: Blink (safe; 4% risk of failure)
Confirm with . or Enter, or press ? or * to list all spells.
You blink.
* * * LOW HITPOINT WARNING * * *
You feel sick.
The killer bee stings the killer bee zombie!
The killer bee closely misses the killer bee.
The killer bee closely misses you. The killer bee zombie misses you.
The centaur shakes.
The centaur barely misses the killer bee. x2
The killer bee barely misses you. You block the killer bee's attack.
The killer bee zombie barely misses you.
The centaur hits the killer bee.
The centaur kicks the killer bee.
The centaur hits itself but does no damage.
The centaur kicks itself.
Casting: Blink (safe; 4% risk of failure)
Confirm with . or Enter, or press ? or * to list all spells.
You blink.
You die...

#..........#
###..........#
#............####+#####
#............yy§......#
#............##yZ.....#
#.........#.#.c..y....#
#....######.#.#.......#
#....# #.#.#.(.....#
#....# #.#.#.@.....#
#....# #. .#.......#
#....# #..$....# ######
#.......# #.......#
#.......# #.......#
#########


You could see a centaur (confused), 3 killer bees and a killer bee zombie.

Vanquished Creatures
  An orc warlord (Bailey)
  The ghost of bilbop the Sneak, a novice DjVM (D:6)
  A wyvern (D:5)
  3 orc warriors
  2 ice beasts
  A necrophage (D:7)
  A sky beast (D:6)
  An ogre (D:5)
  2 centaurs (D:6)
  2 phantoms
  A gnoll sergeant (D:7)
  A killer bee (D:9)
  2 electric eels (D:7)
  A bullfrog zombie (D:5)
  2 centaur zombies
  5 hounds
  A jelly (D:6)
  2 orc priests
  A bullfrog skeleton (D:6)
  Jessica (D:3)
  6 iguanas
  Natasha (thrice) (D:2)
  An orc wizard (D:6)
  2 hound zombies (D:5)
  9 gnolls
  A howler monkey skeleton (D:5)
  4 adders
  3 white imps
  A howler monkey simulacrum (D:6)
  An ufetubus (D:5)
  2 adder skeletons (D:5)
  3 worms
  A dart slug (D:3)
  18 orcs
  4 endoplasms
  5 giant cockroaches
  8 hobgoblins
  5 jackals
  22 kobolds
  4 quokkas
  7 ball pythons
  5 bats
  A frilled lizard (D:1)
  9 goblins
  4 rats
161 creatures vanquished.

Vanquished Creatures (collateral kills)
  A phantom (D:5)
  A gnoll sergeant (D:5)
  A white imp (D:6)
3 creatures vanquished.

Vanquished Creatures (others)
  12 foxfires
  30 fungi (D:9)
  49 plants
91 creatures vanquished.

Grand Total: 255 creatures vanquished

Notes
Turn   | Place    | Note
-------+----------+-------------------------------------------
     0 | D:1      | pokeman the Deep Elf Hedge Wizard began the quest for the
                  | Orb.
     0 | D:1      | Reached XP level 1. HP: 10/10 MP: 7/7
     6 | D:1      | Noticed a scorpion
     6 | D:1      | Noticed a rime drake
     6 | D:1      | Noticed a lindwurm
     7 | D:1      | Noticed a hound
   553 | D:1      | Reached XP level 2. HP: 16/16 MP: 4/9
  1588 | D:2      | Reached skill level 5 in Spellcasting
  1831 | D:2      | Reached XP level 3. HP: 20/20 MP: 8/11
  1835 | D:2      | Learned a level 3 spell: Mephitic Cloud
  1838 | D:2      | Learned a level 2 spell: Call Imp
  1841 | D:2      | Learned a level 2 spell: Blink
  1845 | D:2      | Learned a level 3 spell: Conjure Flame
  2180 | D:2      | Noticed Natasha
  2188 | D:2      | Killed Natasha
  2189 | D:2      | Reached skill level 1 in Fighting
  2189 | D:2      | Reached skill level 1 in Armour
  2738 | D:2      | Noticed Natasha
  2747 | D:2      | Killed Natasha
  2748 | D:2      | Reached XP level 4. HP: 25/25 MP: 2/13
  2901 | D:2      | Noticed Natasha
  2913 | D:2      | Killed Natasha
  3138 | D:3      | Reached skill level 6 in Spellcasting
  3138 | D:3      | Reached XP level 5. HP: 22/29 MP: 3/15
  3358 | D:3      | Found a bloodstained altar of Trog.
  3361 | D:3      | Noticed Jessica
  3370 | D:3      | Killed Jessica
  3371 | D:3      | Reached skill level 1 in Shields
  3424 | D:3      | Found a shimmering blue altar of Sif Muna.
  3427 | D:3      | Identified Sif Muna's Guide on Conjuration
  3431 | D:3      | Learned a level 1 spell: Shock
  3546 | D:3      | Found a faded altar of an unknown god.
  3734 | D:3      | Found a radiant altar of Vehumet.
  3742 | D:3      | Became a worshipper of Vehumet
  4371 | D:4      | Found a sacrificial altar of Ru.
  4528 | D:4      | Found an ornate altar of the Wu Jian Council.
  4899 | D:4      | Reached skill level 1 in Fire Magic
  4899 | D:4      | Reached XP level 6. HP: 23/34 MP: 2/17
  5398 | D:5      | Entered Level 5 of the Dungeon
  5436 | D:5      | Found a glowing golden altar of the Shining One.
  5436 | D:5      | Found a white marble altar of Elyvilon.
  5994 | D:5      | Reached skill level 7 in Spellcasting
  5994 | D:5      | Reached skill level 1 in Evocations
  6001 | D:5      | Reached skill level 1 in Air Magic
  6244 | D:5      | Reached skill level 1 in Poison Magic
  6296 | D:5      | Reached XP level 7. HP: 38/38 MP: 16/20
  6388 | D:5      | Noticed a wyvern
  6418 | D:5      | Reached skill level 8 in Spellcasting
  6740 | D:5      | Reached * piety under Vehumet
  6740 | D:5      | Offered knowledge of Freeze by Vehumet.
  6889 | D:5      | Killed a wyvern
  7530 | D:6      | Reached XP level 8. HP: 34/44 MP: 19/22
  7644 | D:6      | Reached skill level 9 in Spellcasting
  7873 | D:6      | Reached skill level 5 in Conjurations
  8269 | D:6      | Found a runed translucent gate.
  8269 | D:6      | Found a runed translucent gate.
  8269 | D:6      | Found a runed translucent gate.
  8307 | D:6      | Noticed bilbop's ghost (novice DjVM)
  8324 | D:6      | Found a blossoming altar of Fedhas.
  8344 | D:6      | Upgraded the game from 0.27-a0-1217-g8a41f320e8 to
                  | 0.27-a0-1219-g958d993ae5
  8626 | D:6      | Killed bilbop's ghost
  8627 | D:6      | Reached skill level 10 in Spellcasting
  9079 | D:7      | Identified a scroll of acquirement
  9079 | D:7      | Acquired the +10 morningstar "Eos" {elec, Halo rElec}
  9080 | D:7      | Found the +10 morningstar "Eos" {elec, Halo rElec}
  9082 | D:7      | Found a staircase to the Ecumenical Temple.
  9086 | Temple   | Entered the Ecumenical Temple
  9240 | D:7      | Found an opulent altar of Gozag.
  9365 | D:7      | Found a flagged portal.
  9401 | Bailey   | Entered a bailey
  9496 | Bailey   | Noticed an orc warlord
  9505 | Bailey   | Reached XP level 9. HP: 48/48 MP: 21/25
  9856 | Bailey   | Found a runed translucent gate.
  9856 | Bailey   | Found a runed translucent gate.
  9857 | Bailey   | Identified the +3 great sword "Rifyumu" {antimagic, rCorr
                  | Int-4 Dex+2}
  9877 | Bailey   | Found a runed translucent gate.
 10247 | Bailey   | Killed an orc warlord
 10248 | Bailey   | Reached skill level 11 in Spellcasting
 10248 | Bailey   | Reached skill level 5 in Fire Magic
 10307 | Bailey   | Identified the +3 trident "Tormentor" {antimagic, rF+}
 10582 | D:7      | Reached skill level 12 in Spellcasting
 10645 | D:7      | Offered knowledge of Foxfire by Vehumet.
 10648 | D:7      | Learned a level 1 spell: Foxfire
 11501 | D:8      | Reached ** piety under Vehumet
 11739 | D:8      | You fall into a shaft and drop 1 floor!
 11777 | D:9      | HP: 1/48 [poisoned by a killer bee]
 11778 | D:9      | Succumbed to a killer bee's poison

Illustrated notes

Levels and vault maps discovered:
D:1:      onia_arrival_zoo_common, layout_basic, hex_medium
D:2:      layout_loops_ring, chequers_garden, kennysheep_generic_room_5,
          uniq_natasha
D:3:      layout_loops_ring, nzn_overflow_gifts_of_might_and_magic,
          vehumet_altar_wand_db, hellmonk_ecumenical_altar_run_dry
D:4:      layout_basic, nicolae_ru_sacrificial_ziggurat, marbit_many_paths,
          kennysheep_generic_room_15
D:5:      cheibrodos_barr_body, layout_basic, gammafunk_temple_overflow_elements
D:6:      layout_layer_cave, fedhas_ov_isle_minmay, gammafunk_ghost_icy,
          st_stairs_10
D:7:      layout_loops_ring, grunt_gozag_statues, minmay_temple_entry_trees,
          enter_bailey_3, chequers_big_river
D:8:      layout_rooms, guppyfry_early_elven_hall, uniq_maurice
D:9:      hangedman_cross_veins, layout_basic, due_lair_maze_entry_diamond
Temple:   compressed_dpeg_triangle_lava_temple

Skill      XL: |  1  2  3  4  5  6  7  8  9 |
---------------+----------------------------+-----
Spellcasting   | 5 6 7 8 10 12 | 12.2
Fighting       | 1 2 |  2.0
Armour         | 1 2 |  2.0
Conjurations   | 2 3 4 5 7 |  7.0
Dodging        | 3 |  3.0
Shields        | 1 2 3 |  3.7
Stealth        | 3 |  3.0
Fire Magic     | 1 2 4 5 |  5.7
Evocations     | 1 |  1.1
Air Magic      | 1 2 |  2.0
Poison Magic   | 1 |  1.0
Summonings     | |  1.1
Translocations | |  1.1

Action                   |  1- 3 |  4- 6 |  7- 9 || total
-------------------------+-------+-------+-------++-------
Melee: Dagger            |    29 |     5 |       ||    34
       Hand axe          |       |     5 |    20 ||    25
       Morningstar       |       |       |     8 ||     8
 Cast: Magic Dart        |    89 |    55 |    11 ||   155
       Mephitic Cloud    |     2 |     3 |    21 ||    26
       Shock             |       |   120 |   156 ||   276
       Blink             |       |     2 |    25 ||    27
       Call Imp          |       |     3 |    20 ||    23
       Conjure Flame     |       |       |    20 ||    20
       Foxfire           |       |       |     7 ||     7
Evoke: Wand              |       |       |     3 ||     3
  Use: Scroll            |       |       |     8 ||     8
 Stab: Sleeping          |     1 |     1 |     1 ||     3
       Confused          |     1 |     1 |     4 ||     6
Armor: Leather armour    |    18 |    14 |    25 ||    57
Dodge: Dodged            |    28 |    28 |    61 ||   117
Block: Other             |     2 |    12 |    16 ||    30
       Reflection        |       |       |     2 ||     2

Table legend: (Time is in decaauts)
 A = Elapsed time spent in this place.
 B = Non-inter-level travel time spent in this place.
 C = Inter-level travel time spent in this place.
 D = Time resting spent in this place.
 E = Time spent auto-exploring this place.
 F = Levels seen in this place.
 G = Mean time per level.
                   A        B        C        D        E       F      G
               +--------+--------+--------+--------+--------+-----+--------+
         Total |  11804 |  11423 |    381 |   1080 |   8625 |  11 | 1073.1 |
       Dungeon |  10751 |  10385 |    366 |    807 |   8085 |   9 | 1194.6 |
        Temple |    125 |    110 |     15 |      0 |     98 |   1 |  125.0 |
        Bailey |    927 |    927 |      0 |    273 |    442 |   1 |  927.0 |
               +--------+--------+--------+--------+--------+-----+--------+

Top non-repeatable levels by time:
     D:5: 2277 daAuts
     D:1: 1570 daAuts
     D:2: 1410 daAuts
     D:6: 1406 daAuts
     D:7: 1375 daAuts
     D:4: 1241 daAuts
     D:3: 1175 daAuts
  Bailey: 927 daAuts
     D:8: 257 daAuts
  Temple: 125 daAuts
     D:9: 38 daAuts
